Panthers vs Canucks

Created - May 20, 2025 at 19:05

Goals
1 2 3 T
Panthers 0 0 4 4
Canucks 1 1 3 5
Shots
1 2 3 T
Panthers 8 6 16 30
Canucks 17 8 18 43

1st period

1. Canucks , Chris Tierney 23 (Jordan Eberle 25, J.T. Miller 56) at 19:14

Penalties :
Tyler Kennedy (Van) for Interference (Minor) at 15:36

2nd period

2. Canucks , Jordan Eberle 24 (Chris Tierney 37, J.T. Miller 57) at 2:26

Penalties :
Jordan Szwarz (Flo) for Cross-checking (Minor) at 2:50, Tyler Kennedy (Van) for Tripping (Minor) at 7:47, Nikolay Goldobin (Flo) for Interference (Minor) at 10:46, Miro Aaltonen (Flo) for Hooking (Minor) at 16:10

3rd period

3. Canucks , Yanni Gourde 26 (Denis Gurianov 17) at 4:20 (PP)
4. Panthers , Alex Galchenyuk 38 (Matt Duchene 56, Rasmus Ristolainen 71) at 9:33
5. Panthers , Dominik Kahun 4 (Nikolay Goldobin 9, Dmitrij Jaskin 4) at 13:39
6. Canucks , Alex Goligoski 4 (Jordan Eberle 26, J.T. Miller 58) at 13:53
7. Panthers , Jordan Szwarz 13 (Griffin Reinhart 15) at 15:30 (PP)
8. Canucks , Jordan Eberle 25 (Oliver Ekman-Larsson 25, Chris Tierney 38) at 15:52
9. Panthers , Alex Galchenyuk 39 (Derick Brassard 28, Rasmus Ristolainen 72) at 16:50

Penalties :
Griffin Reinhart (Flo) for Hooking (Minor) at 3:00, Danny DeKeiser (Flo) for Hooking (Minor) at 8:27, Jordan Eberle (Van) for Tripping (Minor) at 9:15, Jordan Eberle (Van) for Roughing (Minor) at 14:17, Oliver Ekman-Larsson (Van) for Diving (Minor) at 19:03

Goalie Stats

Ville Husso (Flo), 38 saves from 43 shots - (0.884), L, 25-26-6, 58:52 minutes
Petr Mrazek (Van), 26 saves from 30 shots - (0.867), W, 26-35-7, 60:00 minutes

Players Stats for Panthers

Player Name              G  A  P  +/- PIM S  H  SB GA TA FO     MP     PP MP  PK MP  
------------------------------------------------------------------------------------
Aaron Ekblad             0  0  0  -1  0   1  1  0  0  0  0/0    27:35   4:31   2:52 
Aleksander Barkov        0  0  0  -1  0   1  0  0  0  0  10/22  15:36   0:23   5:05 
Alex Galchenyuk          2  0  2  -1  0   5  1  0  2  0  1/2    22:23   3:52   1:13 
Chris Bourque            0  0  0  -1  0   1  1  0  0  0  0/0    10:36   0:23   0:12 
Danny DeKeiser           0  0  0   1  2   0  2  3  1  2  0/0    24:06   2:24   4:32 
Derick Brassard          0  1  1   0  0   1  1  1  1  0  0/0    13:57   2:40   0:00 
Dmitrij Jaskin           0  1  1   1  0   0  0  0  0  0  0/0     6:12   0:03   0:00 
Dominik Kahun            1  0  1   1  0   3  0  0  0  0  1/3     7:14   0:00   1:05 
Drake Batherson          0  0  0  -2  0   4  2  0  0  0  0/0    20:05   3:52   0:00 
Griffin Reinhart         0  1  1  -1  2   0  1  0  0  0  0/0    10:11   2:24   0:00 
Jordan Szwarz            1  0  1   0  2   3  2  1  0  0  0/0    16:15   3:00   1:51 
Matt Duchene             0  1  1  -1  0   3  0  1  0  0  16/37  21:10   3:52   0:00 
Miro Aaltonen            0  0  0   0  2   1  3  2  0  0  12/17  16:12   2:40   2:04 
Niklas Hansson           0  0  0   1  0   2  1  0  0  0  0/0    20:12   0:00   5:39 
Nikolay Goldobin         0  1  1   1  2   1  0  0  0  0  0/0     6:13   0:00   0:00 
Patrick Brown            0  0  0  -1  0   0  0  1  0  0  0/0    14:48   0:00   4:40 
Radim Simek              0  0  0  -1  0   0  0  0  0  0  0/0    10:44   0:00   3:07 
Rasmus Ristolainen       0  2  2  -1  0   4  1  1  2  2  0/0    27:10   4:31   0:00 

Players Stats for Canucks

Player Name              G  A  P  +/- PIM S  H  SB GA TA FO     MP     PP MP  PK MP  
------------------------------------------------------------------------------------
Alex Goligoski           1  0  1  -1  0   6  1  2  0  0  0/0    19:08   2:24   2:56 
Ben Harpur               0  0  0   1  0   2  0  1  0  0  0/0     9:19   0:00   0:00 
Brock Boeser             0  0  0   0  0   0  2  1  0  0  1/1    14:50   3:13   1:04 
Chris Tierney            1  2  3   2  0   8  3  0  0  1  24/48  29:23   4:52   4:20 
Daniel Zaar              0  0  0   0  0   1  0  0  0  0  0/0     5:43   0:00   0:00 
Denis Gurianov           0  1  1   0  0   2  1  0  0  0  0/0    15:53   3:13   2:04 
Gilbert Brule            0  0  0   0  0   1  0  0  0  0  2/4     6:09   0:00   0:24 
J.T. Miller              0  3  3   2  0   2  0  0  0  1  2/2    29:27   4:52   4:22 
Jordan Eberle            2  2  4   3  4   9  1  1  0  0  4/4    23:53   4:51   0:00 
Mark Jankowski           0  0  0  -1  0   4  1  0  0  0  0/0     8:28   0:00   0:00 
Oliver Ekman-Larsson     0  1  1   1  2   3  3  1  2  4  0/0    30:36   5:41   3:03 
Robert Nilsson           0  0  0  -1  0   1  1  0  0  0  3/3     8:28   0:00   0:00 
Ryan Lomberg             0  0  0   0  0   0  0  0  0  0  0/0     5:43   0:00   0:00 
Tony DeAngelo            0  0  0   1  0   1  0  0  0  0  0/0     9:19   0:00   0:00 
Travis Hamonic           0  0  0   1  0   1  2  1  1  0  0/0    31:33   5:41   3:59 
Tyler Cuma               0  0  0  -1  0   0  0  0  1  0  0/0    20:04   2:24   3:52 
Tyler Kennedy            0  0  0  -1  4   0  0  0  0  0  0/0     8:29   0:00   0:00 
Yanni Gourde             1  0  1   0  0   2  1  1  0  0  5/19   15:24   3:13   1:36 

3 Stars

1 - Jordan Eberle (Van)
2 - Chris Tierney (Van)
3 - J.T. Miller (Van)

Power Play

Panthers - 1 on 5 Attempt(s) - 20.00%
Canucks - 1 on 5 Attempt(s) - 20.00%

Penalty Kill

Panthers - 4 on 5 Attempt(s) - 80.00% - Score 0 goal in Penalty Kill
Canucks - 4 on 5 Attempt(s) - 80.00% - Score 0 goal in Penalty Kill

Team Stat

Panthers - Hits : 16 - Faceoff Wins : 40 - Blocked Shots : 10 - Penalty Minutes : 10
Canucks - Hits : 16 - Faceoff Wins : 41 - Blocked Shots : 8 - Penalty Minutes : 10

Official

Referees : Garrett Rank and Wes McCauley
Linesman : Jonny Murray and Ryan Galloway

Game Notes

No Game Note

Finance

Level 1 -- Attendance: 5560 (92.67%) -- Ticket Income $556,000
Level 2 -- Attendance: 4851 (97.02%) -- Ticket Income $339,570
Level 3 -- Attendance: 1732 (86.60%) -- Ticket Income $69,280
Level 4 -- Attendance: 3596 (89.90%) -- Ticket Income $107,880
Luxury Box -- Attendance: 918 (91.80%) -- Ticket Income $183,600
Game was played at the Rodgers Arena.
Total Attendance: 16657 (92.54%)
Total Ticket Income: $1,256,330
Other Income: $188,450
Total Income: $1,444,780

Panthers

5 vs 5 Forward 
   Center                   Left Wing                Right Wing               Time % Phy DF OF 
 1 Matt Duchene             Alex Galchenyuk          Drake Batherson          40     1   2  2  
 2 Miro Aaltonen            Derick Brassard          Jordan Szwarz            30     1   2  2  
 3 Aleksander Barkov        Chris Bourque            Patrick Brown            20     1   2  2  
 4 Dominik Kahun            Nikolay Goldobin         Dmitrij Jaskin           10     1   2  2  

5 vs 5 Defense 
   Defense                  Defense                                           Time % Phy DF OF 
 1 Rasmus Ristolainen       Aaron Ekblad                                      40     1   2  2  
 2 Danny DeKeiser           Niklas Hansson                                    30     1   2  2  
 3 Griffin Reinhart         Radim Simek                                       20     1   2  2  
 4 Rasmus Ristolainen       Danny DeKeiser                                    10     1   2  2  

PowerPlay Forward 
   Center                   Left Wing                Right Wing               Time % Phy DF OF 
 1 Matt Duchene             Alex Galchenyuk          Drake Batherson          60     0   1  4  
 2 Miro Aaltonen            Derick Brassard          Jordan Szwarz            40     0   1  4  

PowerPlay Defense
   Defense                  Defense                                           Time % Phy DF OF 
 1 Rasmus Ristolainen       Aaron Ekblad                                      60     0   2  3  
 2 Danny DeKeiser           Griffin Reinhart                                  40     0   2  3  

Penalty Kill 4 Players Forward 
   Center                   Wing                     Time % Phy DF OF 
 1 Aleksander Barkov        Patrick Brown            60     1   3  1  
 2 Miro Aaltonen            Jordan Szwarz            40     1   3  1  

Penalty Kill 4 Players Defense
   Defense                  Defense                  Time % Phy DF OF 
 1 Danny DeKeiser           Niklas Hansson           60     1   4  0  
 2 Aaron Ekblad             Radim Simek              40     1   4  0  

Penalty Kill - 3 Players Forward 
   Forward                                           Time % Phy DF OF 
 1 Patrick Brown                                     60     1   3  1  
 2 Aleksander Barkov                                 40     1   3  1  

Penalty Kill - 3 Players Defense
   Defense                  Defense                  Time % Phy DF OF 
 1 Danny DeKeiser           Niklas Hansson           60     1   4  0  
 2 Aaron Ekblad             Radim Simek              40     1   4  0  

4 vs 4 Forward 
   Center                   Wing                     Time % Phy DF OF 
 1 Matt Duchene             Alex Galchenyuk          60     1   2  2  
 2 Miro Aaltonen            Drake Batherson          40     1   2  2  

4 vs 4 Defense
   Defense                  Defense                  Time % Phy DF OF 
 1 Rasmus Ristolainen       Aaron Ekblad             60     1   2  2  
 2 Danny DeKeiser           Niklas Hansson           40     1   2  2  

Last Minutes Offensive
   Center                   Left Wing                Right Wing               Defense                  Defense                  
   Matt Duchene             Alex Galchenyuk          Drake Batherson          Rasmus Ristolainen       Aaron Ekblad             

Last Minutes Defensive
   Center                   Left Wing                Right Wing               Defense                  Defense                  
   Aleksander Barkov        Derick Brassard          Patrick Brown            Aaron Ekblad             Niklas Hansson           

Goaltenders
Starting : Ville Husso              
Backup : Jonathan Bernier         

Extra Forwards
Normal : Drake Batherson, Aleksander Barkov, Matt Duchene - PP : Jordan Szwarz, Matt Duchene - PK : Miro Aaltonen
Extra Defensemen
Normal : Niklas Hansson, Rasmus Ristolainen, Aaron Ekblad - PP : Radim Simek - PK : Radim Simek, Niklas Hansson
Penalty Shots
Drake Batherson, Miro Aaltonen, Alex Galchenyuk, Matt Duchene, Aleksander Barkov
Custom OT Lines Forwards
Matt Duchene, Alex Galchenyuk, Aleksander Barkov, Drake Batherson, Patrick Brown, Jordan Szwarz, Miro Aaltonen, Derick Brassard, Nikolay Goldobin, Chris Bourque
Custom OT Lines Defensemen
Rasmus Ristolainen, Aaron Ekblad, Danny DeKeiser, Niklas Hansson, Radim Simek

Scratches
Nick Schmaltz (Fractured Bone in Right Hand Injury), Zac Rinaldo (Healthy), Arvid Soderblom (Healthy)

Canucks

5 vs 5 Forward 
   Center                   Left Wing                Right Wing               Time % Phy DF OF 
 1 Chris Tierney            J.T. Miller              Jordan Eberle            56     1   2  2  
 2 Yanni Gourde             Denis Gurianov           Brock Boeser             30     1   2  2  
 3 Robert Nilsson           Mark Jankowski           Tyler Kennedy            10     1   2  2  
 4 Gilbert Brule            Ryan Lomberg             Daniel Zaar              4      1   2  2  

5 vs 5 Defense 
   Defense                  Defense                                           Time % Phy DF OF 
 1 Oliver Ekman-Larsson     Travis Hamonic                                    55     1   2  2  
 2 Alex Goligoski           Tyler Cuma                                        30     1   2  2  
 3 Ben Harpur               Tony DeAngelo                                     10     1   2  2  
 4 Oliver Ekman-Larsson     Travis Hamonic                                    5      1   2  2  

PowerPlay Forward 
   Center                   Left Wing                Right Wing               Time % Phy DF OF 
 1 Chris Tierney            J.T. Miller              Jordan Eberle            60     1   2  2  
 2 Yanni Gourde             Denis Gurianov           Brock Boeser             40     1   2  2  

PowerPlay Defense
   Defense                  Defense                                           Time % Phy DF OF 
 1 Oliver Ekman-Larsson     Travis Hamonic                                    60     1   2  2  
 2 Alex Goligoski           Tyler Cuma                                        40     1   2  2  

Penalty Kill 4 Players Forward 
   Center                   Wing                     Time % Phy DF OF 
 1 Chris Tierney            J.T. Miller              60     1   2  2  
 2 Yanni Gourde             Denis Gurianov           40     1   2  2  

Penalty Kill 4 Players Defense
   Defense                  Defense                  Time % Phy DF OF 
 1 Oliver Ekman-Larsson     Travis Hamonic           60     1   2  2  
 2 Alex Goligoski           Tyler Cuma               40     1   2  2  

Penalty Kill - 3 Players Forward 
   Forward                                           Time % Phy DF OF 
 1 Chris Tierney                                     60     1   2  2  
 2 Yanni Gourde                                      40     1   2  2  

Penalty Kill - 3 Players Defense
   Defense                  Defense                  Time % Phy DF OF 
 1 Oliver Ekman-Larsson     Travis Hamonic           60     1   2  2  
 2 Alex Goligoski           Tyler Cuma               40     1   2  2  

4 vs 4 Forward 
   Center                   Wing                     Time % Phy DF OF 
 1 Chris Tierney            J.T. Miller              60     1   2  2  
 2 Yanni Gourde             Denis Gurianov           40     1   2  2  

4 vs 4 Defense
   Defense                  Defense                  Time % Phy DF OF 
 1 Oliver Ekman-Larsson     Travis Hamonic           60     1   2  2  
 2 Alex Goligoski           Tyler Cuma               40     1   2  2  

Last Minutes Offensive
   Center                   Left Wing                Right Wing               Defense                  Defense                  
   Chris Tierney            J.T. Miller              Jordan Eberle            Oliver Ekman-Larsson     Travis Hamonic           

Last Minutes Defensive
   Center                   Left Wing                Right Wing               Defense                  Defense                  
   Chris Tierney            J.T. Miller              Jordan Eberle            Oliver Ekman-Larsson     Travis Hamonic           

Goaltenders
Starting : Petr Mrazek              
Backup : Matt Hackett             

Extra Forwards
Normal : Brock Boeser, Robert Nilsson, Gilbert Brule - PP : Brock Boeser, Robert Nilsson - PK : Brock Boeser
Extra Defensemen
Normal : Tyler Cuma, Ben Harpur, Tony DeAngelo - PP : Tyler Cuma - PK : Tyler Cuma, Ben Harpur
Penalty Shots
J.T. Miller, Jordan Eberle, Chris Tierney, Yanni Gourde, Brock Boeser
Custom OT Lines Forwards
J.T. Miller, Jordan Eberle, Chris Tierney, Yanni Gourde, Brock Boeser, Robert Nilsson, Gilbert Brule, Tyler Kennedy, Denis Gurianov, Mark Jankowski
Custom OT Lines Defensemen
Oliver Ekman-Larsson, Travis Hamonic, Alex Goligoski, Tyler Cuma, Ben Harpur

Scratches
None


% Time on Ice - Panthers

Lines # - Real PCT - Wanted PCT - Time Play
Normal Forward
1 - 37% - 40% - 16:00
2 - 26% - 30% - 11:22
3 - 23% - 20% - 10:01
4 - 14% - 10% - 6:09
Normal Defense
1 - 44% - 40% - 19:08
2 - 32% - 30% - 13:52
3 - 17% - 20% - 7:37
4 - 7% - 10% - 2:55
PP Forward
1 - 56% - 60% - 3:52
2 - 44% - 40% - 3:03
PP Defense
1 - 65% - 60% - 4:31
2 - 35% - 40% - 2:24
PK Forward
1 - 72% - 60% - 5:51
2 - 28% - 40% - 2:14
PK Defense
1 - 70% - 60% - 5:39
2 - 30% - 40% - 2:26
PK3 Forward
1 - 0% - 60%
2 - 0% - 40%
PK3 Defense
1 - 0% - 60%
2 - 0% - 40%
44 Forward
1 - 96% - 60% - 1:08
2 - 4% - 40% - 0:03
44 Defense
1 - 100% - 60% - 1:11
2 - 0% - 40% - 0:00
Last Minute Offensive  - 0:17
Last Minute Defensive  - 0:00
Total
Forward - 60:00
Defense - 60:00

% Time on Ice - Canucks

Lines # - Real PCT - Wanted PCT - Time Play
Normal Forward
1 - 43% - 56% - 18:48
2 - 24% - 30% - 10:32
3 - 19% - 10% - 8:28
4 - 13% - 4% - 5:43
Normal Defense
1 - 47% - 55% - 20:30
2 - 31% - 30% - 13:42
3 - 21% - 10% - 9:19
4 - 0% - 5% - 0:00
PP Forward
1 - 60% - 60% - 4:52
2 - 40% - 40% - 3:13
PP Defense
1 - 70% - 60% - 5:41
2 - 30% - 40% - 2:24
PK Forward
1 - 77% - 60% - 5:19
2 - 23% - 40% - 1:36
PK Defense
1 - 58% - 60% - 3:59
2 - 42% - 40% - 2:56
PK3 Forward
1 - 0% - 60%
2 - 0% - 40%
PK3 Defense
1 - 0% - 60%
2 - 0% - 40%
44 Forward
1 - 96% - 60% - 1:08
2 - 4% - 40% - 0:03
44 Defense
1 - 92% - 60% - 1:05
2 - 8% - 40% - 0:06
Last Minute Offensive  - 0:00
Last Minute Defensive  - 0:18
Total
Forward - 60:00
Defense - 60:00

Play-by-Play

1st period


0:01 of 1st period - Matt Duchene wins face-off versus Chris Tierney in neutral zone.
0:04 of 1st period - Jordan Eberle is hit by Drake Batherson and loses puck.
0:27 of 1st period - Oliver Ekman-Larsson is hit by Rasmus Ristolainen and loses puck.
0:46 of 1st period - Wrist shot by Daniel Zaar.
0:46 of 1st period - Stopped by Ville Husso without a rebound.
0:47 of 1st period - Gilbert Brule wins face-off versus Aleksander Barkov in Panthers zone.
1:02 of 1st period - Snap shot by Aleksander Barkov.
1:02 of 1st period - Shot Misses the Net.
1:20 of 1st period - Slapshot by Griffin Reinhart.
1:20 of 1st period - Deflect By Nikolay Goldobin.
1:20 of 1st period - Shot Misses the Net.
1:20 of 1st period - Puck is out of play.
1:21 of 1st period - Matt Duchene wins face-off versus Chris Tierney in Canucks zone.
1:28 of 1st period - Wrist shot by Matt Duchene.
1:28 of 1st period - Stopped by Petr Mrazek without a rebound.
1:29 of 1st period - Chris Tierney wins face-off versus Alex Galchenyuk in Canucks zone.
1:58 of 1st period - Wrist shot by J.T. Miller.
1:58 of 1st period - Shot Blocked by Rasmus Ristolainen.
2:04 of 1st period - Wrist shot by Jordan Eberle.
2:04 of 1st period - Shot Misses the Net.
2:06 of 1st period - Snap shot by J.T. Miller.
2:06 of 1st period - Shot Misses the Net.
2:14 of 1st period - Snap shot by Jordan Eberle.
2:14 of 1st period - Stopped by Ville Husso with a rebound.
2:16 of 1st period - Snap shot by J.T. Miller.
2:16 of 1st period - Shot Misses the Net.
2:40 of 1st period - Wrist shot by Jordan Eberle.
2:40 of 1st period - Shot Misses the Net.
3:00 of 1st period - Slapshot by Rasmus Ristolainen.
3:00 of 1st period - Stopped by Petr Mrazek without a rebound.
3:01 of 1st period - Miro Aaltonen wins face-off versus Yanni Gourde in Canucks zone.
3:52 of 1st period - Wrist shot by Dominik Kahun.
3:52 of 1st period - Stopped by Petr Mrazek without a rebound.
3:53 of 1st period - Dominik Kahun wins face-off versus Gilbert Brule in Canucks zone.
4:36 of 1st period - Snap shot by Rasmus Ristolainen.
4:36 of 1st period - Deflect By Nikolay Goldobin.
4:36 of 1st period - Shot Misses the Net.
4:36 of 1st period - Puck is out of play.
4:37 of 1st period - Miro Aaltonen wins face-off versus Yanni Gourde in Canucks zone.
5:07 of 1st period - Danny DeKeiser is hit by Travis Hamonic.
5:17 of 1st period - Snap shot by Chris Bourque.
5:17 of 1st period - Stopped by Petr Mrazek with a rebound.
5:58 of 1st period - Off-side.
5:59 of 1st period - Chris Tierney wins face-off versus Dominik Kahun in neutral zone.
6:08 of 1st period - Wrist shot by Jordan Eberle.
6:08 of 1st period - Stopped by Ville Husso without a rebound.
6:09 of 1st period - Miro Aaltonen wins face-off versus Chris Tierney in Panthers zone.
6:11 of 1st period - Icing by Rasmus Ristolainen.
6:12 of 1st period - Miro Aaltonen wins face-off versus Chris Tierney in Panthers zone.
6:18 of 1st period - Off-side.
6:19 of 1st period - Miro Aaltonen wins face-off versus Chris Tierney in neutral zone.
6:22 of 1st period - J.T. Miller is hit by Jordan Szwarz and loses puck.
6:30 of 1st period - Off-side.
6:31 of 1st period - Yanni Gourde wins face-off versus Miro Aaltonen in neutral zone.
6:40 of 1st period - Wrist shot by Brock Boeser.
6:40 of 1st period - Shot Misses the Net.
6:42 of 1st period - Slapshot by Oliver Ekman-Larsson.
6:42 of 1st period - Stopped by Ville Husso without a rebound.
6:43 of 1st period - J.T. Miller wins face-off versus Matt Duchene in Panthers zone.
7:10 of 1st period - Danny DeKeiser is hit by Travis Hamonic and loses puck.
7:42 of 1st period - Snap shot by Miro Aaltonen.
7:42 of 1st period - Shot Misses the Net.
7:44 of 1st period - Wrist shot by Derick Brassard.
7:44 of 1st period - Stopped by Petr Mrazek without a rebound.
7:45 of 1st period - Chris Tierney wins face-off versus Matt Duchene in Canucks zone.
8:21 of 1st period - Wrist shot by Yanni Gourde.
8:21 of 1st period - Shot Misses the Net.
8:37 of 1st period - Aaron Ekblad is hit by Robert Nilsson and loses puck.
8:46 of 1st period - Wrist shot by Mark Jankowski.
8:46 of 1st period - Deflect By Tyler Kennedy.
8:46 of 1st period - Shot Misses the Net.
8:46 of 1st period - Puck is out of play.
8:47 of 1st period - Chris Tierney wins face-off versus Matt Duchene in Panthers zone.
9:54 of 1st period - Slapshot by Travis Hamonic.
9:54 of 1st period - Shot Misses the Net.
9:56 of 1st period - Slapshot by Oliver Ekman-Larsson.
9:56 of 1st period - Shot Misses the Net.
9:58 of 1st period - Slapshot by Oliver Ekman-Larsson.
9:58 of 1st period - Stopped by Ville Husso without a rebound.
9:59 of 1st period - Gilbert Brule wins face-off versus Matt Duchene in Panthers zone.
10:27 of 1st period - Off-side.
10:28 of 1st period - Miro Aaltonen wins face-off versus Chris Tierney in neutral zone.
10:33 of 1st period - Travis Hamonic is hit by Miro Aaltonen and loses puck.
10:57 of 1st period - Slapshot by Chris Tierney.
10:57 of 1st period - Stopped by Ville Husso with a rebound.
10:59 of 1st period - Slapshot by Chris Tierney.
10:59 of 1st period - Shot Misses the Net.
11:01 of 1st period - Wrist shot by Jordan Eberle.
11:01 of 1st period - Shot Misses the Net.
11:03 of 1st period - Snap shot by Alex Goligoski.
11:03 of 1st period - Deflect By Rasmus Ristolainen.
11:03 of 1st period - Stopped by Ville Husso with a rebound.
11:05 of 1st period - Slapshot by J.T. Miller.
11:05 of 1st period - Shot Misses the Net.
11:13 of 1st period - Slapshot by Chris Tierney.
11:13 of 1st period - Deflect By Rasmus Ristolainen.
11:13 of 1st period - Shot Misses the Net.
11:13 of 1st period - Puck is out of play.
11:14 of 1st period - Matt Duchene wins face-off versus Yanni Gourde in Panthers zone.
11:45 of 1st period - Snap shot by Mark Jankowski.
11:45 of 1st period - Stopped by Ville Husso with a rebound.
11:47 of 1st period - Slapshot by Travis Hamonic.
11:47 of 1st period - Deflect By Mark Jankowski.
11:47 of 1st period - Shot Misses the Net.
11:47 of 1st period - Puck is out of play.
11:48 of 1st period - Robert Nilsson wins face-off versus Aleksander Barkov in Panthers zone.
11:55 of 1st period - Snap shot by Mark Jankowski.
11:55 of 1st period - Stopped by Ville Husso with a rebound.
12:34 of 1st period - Snap shot by Rasmus Ristolainen.
12:34 of 1st period - Stopped by Petr Mrazek without a rebound.
12:35 of 1st period - Matt Duchene wins face-off versus Yanni Gourde in Canucks zone.
12:36 of 1st period - Snap shot by Drake Batherson.
12:36 of 1st period - Shot Blocked by Yanni Gourde.
12:46 of 1st period - Slapshot by Alex Goligoski.
12:46 of 1st period - Stopped by Ville Husso without a rebound.
12:47 of 1st period - Chris Tierney wins face-off versus Matt Duchene in Panthers zone.
13:20 of 1st period - Wrist shot by Tyler Cuma.
13:20 of 1st period - Shot Blocked by Derick Brassard.
13:38 of 1st period - Tyler Cuma is hit by Danny DeKeiser and loses puck.
13:57 of 1st period - Rasmus Ristolainen is hit by Chris Tierney.
14:05 of 1st period - Wrist shot by Chris Tierney.
14:05 of 1st period - Deflect By Aaron Ekblad.
14:05 of 1st period - Stopped by Ville Husso with a rebound.
14:43 of 1st period - Wrist shot by Jordan Eberle.
14:43 of 1st period - Stopped by Ville Husso without a rebound.
14:44 of 1st period - Miro Aaltonen wins face-off versus Yanni Gourde in Panthers zone.
14:51 of 1st period - Snap shot by Yanni Gourde.
14:51 of 1st period - Shot Misses the Net.
14:53 of 1st period - Slapshot by Oliver Ekman-Larsson.
14:53 of 1st period - Shot Misses the Net.
14:55 of 1st period - Slapshot by Yanni Gourde.
14:55 of 1st period - Shot Blocked by Jordan Szwarz.
14:57 of 1st period - Snap shot by Travis Hamonic.
14:57 of 1st period - Stopped by Ville Husso without a rebound.
14:58 of 1st period - Matt Duchene wins face-off versus Yanni Gourde in Panthers zone.
15:36 of 1st period - Minor Penalty to Tyler Kennedy for Interference.
15:37 of 1st period - Matt Duchene wins face-off versus Chris Tierney in Canucks zone.
16:19 of 1st period - Snap shot by Miro Aaltonen.
16:19 of 1st period - Stopped by Petr Mrazek without a rebound.
16:20 of 1st period - Chris Tierney wins face-off versus Miro Aaltonen in Canucks zone.
17:12 of 1st period - Jordan Szwarz is hit by Denis Gurianov and loses puck.
17:36 of 1st period - Penalty to Tyler Kennedy is over, Tyler Kennedy is back on ice.
17:36 of 1st period - Icing by Denis Gurianov.
17:37 of 1st period - Brock Boeser wins face-off versus Miro Aaltonen in Canucks zone.
17:54 of 1st period - Snap shot by Gilbert Brule.
17:54 of 1st period - Stopped by Ville Husso with a rebound.
17:56 of 1st period - Wrist shot by Daniel Zaar.
17:56 of 1st period - Shot Misses the Net.
17:58 of 1st period - Wrist shot by Ben Harpur.
17:58 of 1st period - Stopped by Ville Husso without a rebound.
17:59 of 1st period - Alex Galchenyuk wins face-off versus Chris Tierney in Panthers zone.
18:40 of 1st period - Wrist shot by Chris Tierney.
18:40 of 1st period - Shot Misses the Net.
18:42 of 1st period - Slapshot by Jordan Eberle.
18:42 of 1st period - Stopped by Ville Husso with a rebound.
19:14 of 1st period - Snap shot by Chris Tierney.
19:14 of 1st period - Goal by Chris Tierney - Panthers : 0 - Canucks : 1.
19:15 of 1st period - Miro Aaltonen wins face-off versus Yanni Gourde in neutral zone.
19:40 of 1st period - Patrick Brown is hit by Mark Jankowski and loses puck.
19:47 of 1st period - Slapshot by Niklas Hansson.
19:47 of 1st period - Stopped by Petr Mrazek with a rebound.
19:49 of 1st period - Wrist shot by Aleksander Barkov.
19:49 of 1st period - Shot Misses the Net.
Goals for this period are 0 for Panthers vs 1 for Canucks.
Shots for this period are 8 for Panthers vs 17 for Canucks.

2nd period


0:01 of 2nd period - Matt Duchene wins face-off versus Chris Tierney in neutral zone.
0:46 of 2nd period - Off-side.
0:47 of 2nd period - Robert Nilsson wins face-off versus Aleksander Barkov in neutral zone.
0:56 of 2nd period - Slapshot by Niklas Hansson.
0:56 of 2nd period - Stopped by Petr Mrazek with a rebound.
2:24 of 2nd period - Backhand shot by Chris Tierney.
2:24 of 2nd period - Shot Misses the Net.
2:26 of 2nd period - Wrist shot by Jordan Eberle.
2:26 of 2nd period - Goal by Jordan Eberle - Panthers : 0 - Canucks : 2.
2:27 of 2nd period - Miro Aaltonen wins face-off versus Chris Tierney in neutral zone.
2:50 of 2nd period - Minor Penalty to Jordan Szwarz for Cross-checking.
2:51 of 2nd period - Aleksander Barkov wins face-off versus Chris Tierney in Panthers zone.
3:49 of 2nd period - Snap shot by J.T. Miller.
3:49 of 2nd period - Shot Misses the Net.
4:34 of 2nd period - Off-side.
4:35 of 2nd period - Miro Aaltonen wins face-off versus Yanni Gourde in neutral zone.
4:50 of 2nd period - Penalty to Jordan Szwarz is over, Jordan Szwarz is back on ice.
5:10 of 2nd period - Tyler Kennedy is hit by Danny DeKeiser and loses puck.
6:22 of 2nd period - Tony DeAngelo is hit by Griffin Reinhart and loses puck.
6:49 of 2nd period - Snap shot by Matt Duchene.
6:49 of 2nd period - Stopped by Petr Mrazek with a rebound.
6:51 of 2nd period - Snap shot by Matt Duchene.
6:51 of 2nd period - Shot Misses the Net.
7:01 of 2nd period - Tony DeAngelo is hit by Derick Brassard and loses puck.
7:10 of 2nd period - Snap shot by Denis Gurianov.
7:10 of 2nd period - Shot Misses the Net.
7:12 of 2nd period - Snap shot by Denis Gurianov.
7:12 of 2nd period - Shot Blocked by Miro Aaltonen.
7:47 of 2nd period - Minor Penalty to Tyler Kennedy for Tripping.
7:48 of 2nd period - Matt Duchene wins face-off versus Chris Tierney in Canucks zone.
9:47 of 2nd period - Penalty to Tyler Kennedy is over, Tyler Kennedy is back on ice.
9:57 of 2nd period - Slapshot by Tony DeAngelo.
9:57 of 2nd period - Stopped by Ville Husso without a rebound.
9:58 of 2nd period - Robert Nilsson wins face-off versus Dominik Kahun in Panthers zone.
10:07 of 2nd period - Wrist shot by Mark Jankowski.
10:07 of 2nd period - Shot Hit the Post.
10:09 of 2nd period - Wrist shot by Robert Nilsson.
10:09 of 2nd period - Shot Blocked by Danny DeKeiser.
10:11 of 2nd period - Snap shot by Robert Nilsson.
10:11 of 2nd period - Shot Blocked by Danny DeKeiser.
10:13 of 2nd period - Slapshot by Tony DeAngelo.
10:13 of 2nd period - Shot Blocked by Danny DeKeiser.
10:46 of 2nd period - Minor Penalty to Nikolay Goldobin for Interference.
10:47 of 2nd period - Chris Tierney wins face-off versus Aleksander Barkov in Panthers zone.
11:28 of 2nd period - Jordan Szwarz is hit by Oliver Ekman-Larsson and loses puck.
12:30 of 2nd period - Jordan Eberle is hit by Alex Galchenyuk and loses puck.
12:46 of 2nd period - Penalty to Nikolay Goldobin is over, Nikolay Goldobin is back on ice.
13:21 of 2nd period - Snap shot by Robert Nilsson.
13:21 of 2nd period - Shot Misses the Net.
13:35 of 2nd period - Gilbert Brule is hit by Jordan Szwarz and loses puck.
14:15 of 2nd period - Snap shot by Drake Batherson.
14:15 of 2nd period - Stopped by Petr Mrazek without a rebound.
14:16 of 2nd period - Matt Duchene wins face-off versus Chris Tierney in Canucks zone.
14:43 of 2nd period - Backhand shot by Miro Aaltonen.
14:43 of 2nd period - Shot Misses the Net.
15:40 of 2nd period - Matt Duchene is hit by Oliver Ekman-Larsson and loses puck.
16:10 of 2nd period - Minor Penalty to Miro Aaltonen for Hooking.
16:11 of 2nd period - Aleksander Barkov wins face-off versus Chris Tierney in Panthers zone.
16:44 of 2nd period - Off-side.
16:45 of 2nd period - Aleksander Barkov wins face-off versus Yanni Gourde in neutral zone.
16:56 of 2nd period - Wrist shot by Yanni Gourde.
16:56 of 2nd period - Stopped by Ville Husso with a rebound.
16:58 of 2nd period - Backhand shot by Alex Goligoski.
16:58 of 2nd period - Stopped by Ville Husso without a rebound.
16:59 of 2nd period - Chris Tierney wins face-off versus Aleksander Barkov in Panthers zone.
17:16 of 2nd period - Slapshot by Jordan Eberle.
17:16 of 2nd period - Stopped by Ville Husso without a rebound.
17:17 of 2nd period - Aleksander Barkov wins face-off versus Yanni Gourde in Panthers zone.
17:25 of 2nd period - Off-side.
17:26 of 2nd period - Aleksander Barkov wins face-off versus Yanni Gourde in neutral zone.
18:05 of 2nd period - Brock Boeser is hit by Niklas Hansson and loses puck.
18:10 of 2nd period - Penalty to Miro Aaltonen is over, Miro Aaltonen is back on ice.
18:13 of 2nd period - Off-side.
18:14 of 2nd period - Matt Duchene wins face-off versus Chris Tierney in neutral zone.
18:19 of 2nd period - Wrist shot by Drake Batherson.
18:19 of 2nd period - Shot Misses the Net.
18:54 of 2nd period - Snap shot by Jordan Eberle.
18:54 of 2nd period - Stopped by Ville Husso with a rebound.
18:56 of 2nd period - Snap shot by Jordan Eberle.
18:56 of 2nd period - Deflect By Chris Tierney.
18:56 of 2nd period - Stopped by Ville Husso with a rebound.
18:58 of 2nd period - Slapshot by Chris Tierney.
18:58 of 2nd period - Stopped by Ville Husso with a rebound.
19:20 of 2nd period - Snap shot by Dmitrij Jaskin.
19:20 of 2nd period - Shot Blocked by Ben Harpur.
19:28 of 2nd period - Slapshot by Nikolay Goldobin.
19:28 of 2nd period - Shot Misses the Net.
19:30 of 2nd period - Snap shot by Aaron Ekblad.
19:30 of 2nd period - Stopped by Petr Mrazek without a rebound.
19:31 of 2nd period - Matt Duchene wins face-off versus Yanni Gourde in Canucks zone.
19:42 of 2nd period - Wrist shot by Drake Batherson.
19:42 of 2nd period - Stopped by Petr Mrazek without a rebound.
19:43 of 2nd period - Matt Duchene wins face-off versus Yanni Gourde in Canucks zone.
19:48 of 2nd period - Snap shot by Drake Batherson.
19:48 of 2nd period - Stopped by Petr Mrazek with a rebound.
19:58 of 2nd period - Snap shot by Matt Duchene.
19:58 of 2nd period - Shot Blocked by Brock Boeser.
Goals for this period are 0 for Panthers vs 1 for Canucks.
Shots for this period are 6 for Panthers vs 8 for Canucks.

3rd period


0:01 of 3rd period - Matt Duchene wins face-off versus Chris Tierney in neutral zone.
0:10 of 3rd period - Wrist shot by Alex Galchenyuk.
0:10 of 3rd period - Shot Blocked by Oliver Ekman-Larsson.
1:11 of 3rd period - Snap shot by Nikolay Goldobin.
1:11 of 3rd period - Stopped by Petr Mrazek with a rebound.
1:36 of 3rd period - Snap shot by Mark Jankowski.
1:36 of 3rd period - Stopped by Ville Husso with a rebound.
1:38 of 3rd period - Wrist shot by Robert Nilsson.
1:38 of 3rd period - Stopped by Ville Husso with a rebound.
1:40 of 3rd period - Wrist shot by Oliver Ekman-Larsson.
1:40 of 3rd period - Shot Misses the Net.
1:42 of 3rd period - Slapshot by Tyler Kennedy.
1:42 of 3rd period - Shot Misses the Net.
1:44 of 3rd period - Snap shot by Travis Hamonic.
1:44 of 3rd period - Shot Misses the Net.
1:46 of 3rd period - Snap shot by Mark Jankowski.
1:46 of 3rd period - Stopped by Ville Husso with a rebound.
1:55 of 3rd period - Icing by Matt Duchene.
1:56 of 3rd period - Matt Duchene wins face-off versus Chris Tierney in Panthers zone.
2:13 of 3rd period - Snap shot by Alex Galchenyuk.
2:13 of 3rd period - Shot Misses the Net.
2:15 of 3rd period - Snap shot by Alex Galchenyuk.
2:15 of 3rd period - Stopped by Petr Mrazek without a rebound.
2:16 of 3rd period - Miro Aaltonen wins face-off versus Yanni Gourde in Canucks zone.
2:17 of 3rd period - Snap shot by Jordan Szwarz.
2:17 of 3rd period - Shot Misses the Net.
2:27 of 3rd period - Derick Brassard is hit by Brock Boeser and loses puck.
2:53 of 3rd period - Snap shot by J.T. Miller.
2:53 of 3rd period - Stopped by Ville Husso without a rebound.
2:54 of 3rd period - Yanni Gourde wins face-off versus Matt Duchene in Panthers zone.
3:00 of 3rd period - Minor Penalty to Griffin Reinhart for Hooking.
3:01 of 3rd period - Jordan Eberle wins face-off versus Aleksander Barkov in Panthers zone.
3:15 of 3rd period - Icing by Jordan Eberle.
3:16 of 3rd period - Chris Tierney wins face-off versus Aleksander Barkov in Canucks zone.
3:21 of 3rd period - Niklas Hansson is hit by Chris Tierney and loses puck.
4:06 of 3rd period - Slapshot by Chris Tierney.
4:06 of 3rd period - Stopped by Ville Husso with a rebound.
4:08 of 3rd period - Wrist shot by Oliver Ekman-Larsson.
4:08 of 3rd period - Stopped by Ville Husso with a rebound.
4:10 of 3rd period - Slapshot by Jordan Eberle.
4:10 of 3rd period - Shot Blocked by Miro Aaltonen.
4:12 of 3rd period - Wrist shot by Chris Tierney.
4:12 of 3rd period - Stopped by Ville Husso without a rebound.
4:13 of 3rd period - Yanni Gourde wins face-off versus Aleksander Barkov in Panthers zone.
4:14 of 3rd period - Slapshot by Brock Boeser.
4:14 of 3rd period - Shot Blocked by Patrick Brown.
4:16 of 3rd period - Slapshot by Alex Goligoski.
4:16 of 3rd period - Stopped by Ville Husso without a rebound.
4:17 of 3rd period - Yanni Gourde wins face-off versus Aleksander Barkov in Panthers zone.
4:20 of 3rd period - Slapshot by Yanni Gourde.
4:20 of 3rd period - Goal by Yanni Gourde - Panthers : 0 - Canucks : 3.
4:21 of 3rd period - Jordan Eberle wins face-off versus Matt Duchene in neutral zone.
4:24 of 3rd period - Snap shot by Chris Tierney.
4:24 of 3rd period - Stopped by Ville Husso with a rebound.
4:47 of 3rd period - Aaron Ekblad is hit by Yanni Gourde and loses puck.
5:16 of 3rd period - Snap shot by Aleksander Barkov.
5:16 of 3rd period - Deflect By Chris Bourque.
5:16 of 3rd period - Shot Misses the Net.
5:16 of 3rd period - Puck is out of play.
5:17 of 3rd period - Chris Tierney wins face-off versus Matt Duchene in Canucks zone.
5:24 of 3rd period - Snap shot by J.T. Miller.
5:24 of 3rd period - Deflect By Jordan Eberle.
5:24 of 3rd period - Shot Misses the Net.
5:24 of 3rd period - Puck is out of play.
5:25 of 3rd period - Chris Tierney wins face-off versus Matt Duchene in Panthers zone.
5:38 of 3rd period - Wrist shot by J.T. Miller.
5:38 of 3rd period - Deflect By Alex Galchenyuk.
5:38 of 3rd period - Shot Blocked by Matt Duchene.
5:38 of 3rd period - Puck is out of play.
5:39 of 3rd period - Jordan Eberle wins face-off versus Matt Duchene in Panthers zone.
6:15 of 3rd period - Snap shot by Rasmus Ristolainen.
6:15 of 3rd period - Shot Misses the Net.
6:31 of 3rd period - Aaron Ekblad is hit by Alex Goligoski and loses puck.
6:58 of 3rd period - Wrist shot by Dominik Kahun.
6:58 of 3rd period - Stopped by Petr Mrazek with a rebound.
7:00 of 3rd period - Wrist shot by Dmitrij Jaskin.
7:00 of 3rd period - Shot Misses the Net.
7:02 of 3rd period - Slapshot by Rasmus Ristolainen.
7:02 of 3rd period - Shot Misses the Net.
7:08 of 3rd period - Snap shot by Dmitrij Jaskin.
7:08 of 3rd period - Shot Misses the Net.
7:28 of 3rd period - Backhand shot by Jordan Eberle.
7:28 of 3rd period - Stopped by Ville Husso with a rebound.
7:30 of 3rd period - Slapshot by Ben Harpur.
7:30 of 3rd period - Stopped by Ville Husso without a rebound.
7:31 of 3rd period - Chris Tierney wins face-off versus Miro Aaltonen in Panthers zone.
7:38 of 3rd period - Snap shot by Jordan Eberle.
7:38 of 3rd period - Shot Misses the Net.
7:58 of 3rd period - Alex Galchenyuk is hit by Oliver Ekman-Larsson and loses puck.
8:25 of 3rd period - Slapshot by Mark Jankowski.
8:25 of 3rd period - Shot Misses the Net.
8:27 of 3rd period - Minor Penalty to Danny DeKeiser for Hooking.
8:28 of 3rd period - Aleksander Barkov wins face-off versus Chris Tierney in Panthers zone.
8:28 of 3rd period - Aleksander Barkov is hit by Jordan Eberle.
9:04 of 3rd period - Wrist shot by Jordan Szwarz.
9:04 of 3rd period - Stopped by Petr Mrazek with a rebound.
9:08 of 3rd period - Snap shot by Miro Aaltonen.
9:08 of 3rd period - Deflect By Jordan Szwarz.
9:08 of 3rd period - Deflect By Yanni Gourde.
9:08 of 3rd period - Shot Blocked by Travis Hamonic.
9:08 of 3rd period - Puck is out of play.
9:09 of 3rd period - Aleksander Barkov wins face-off versus Chris Tierney in Canucks zone.
9:15 of 3rd period - Minor Penalty to Jordan Eberle for Tripping.
9:16 of 3rd period - Chris Tierney wins face-off versus Matt Duchene in Canucks zone.
9:16 of 3rd period - Chris Tierney is hit by Aaron Ekblad.
9:33 of 3rd period - Snap shot by Alex Galchenyuk.
9:33 of 3rd period - Goal by Alex Galchenyuk - Panthers : 1 - Canucks : 3.
9:34 of 3rd period - Matt Duchene wins face-off versus Chris Tierney in neutral zone.
9:45 of 3rd period - Slapshot by Rasmus Ristolainen.
9:45 of 3rd period - Stopped by Petr Mrazek without a rebound.
9:46 of 3rd period - Chris Tierney wins face-off versus Matt Duchene in Canucks zone.
10:26 of 3rd period - Off-side.
10:27 of 3rd period - Penalty to Danny DeKeiser is over, Danny DeKeiser is back on ice.
10:27 of 3rd period - Yanni Gourde wins face-off versus Miro Aaltonen in neutral zone.
11:15 of 3rd period - Penalty to Jordan Eberle is over, Jordan Eberle is back on ice.
11:19 of 3rd period - Off-side.
11:20 of 3rd period - Aleksander Barkov wins face-off versus Gilbert Brule in neutral zone.
12:11 of 3rd period - Off-side.
12:12 of 3rd period - Chris Tierney wins face-off versus Matt Duchene in neutral zone.
12:17 of 3rd period - Snap shot by J.T. Miller.
12:17 of 3rd period - Stopped by Ville Husso without a rebound.
12:18 of 3rd period - J.T. Miller wins face-off versus Matt Duchene in Panthers zone.
12:51 of 3rd period - Snap shot by Denis Gurianov.
12:51 of 3rd period - Stopped by Ville Husso with a rebound.
13:37 of 3rd period - Slapshot by Nikolay Goldobin.
13:37 of 3rd period - Shot Misses the Net.
13:39 of 3rd period - Snap shot by Dominik Kahun.
13:39 of 3rd period - Deflect By Chris Tierney.
13:39 of 3rd period - Goal by Dominik Kahun - Panthers : 2 - Canucks : 3.
13:40 of 3rd period - Chris Tierney wins face-off versus Matt Duchene in neutral zone.
13:45 of 3rd period - Snap shot by J.T. Miller.
13:45 of 3rd period - Shot Misses the Net.
13:47 of 3rd period - Slapshot by Alex Goligoski.
13:47 of 3rd period - Deflect By Rasmus Ristolainen.
13:47 of 3rd period - Stopped by Ville Husso without a rebound.
13:48 of 3rd period - Chris Tierney wins face-off versus Matt Duchene in Panthers zone.
13:49 of 3rd period - Snap shot by J.T. Miller.
13:49 of 3rd period - Shot Misses the Net.
13:51 of 3rd period - Slapshot by Jordan Eberle.
13:51 of 3rd period - Shot Misses the Net.
13:53 of 3rd period - Snap shot by Alex Goligoski.
13:53 of 3rd period - Goal by Alex Goligoski - Panthers : 2 - Canucks : 4.
13:54 of 3rd period - Chris Tierney wins face-off versus Matt Duchene in neutral zone.
14:17 of 3rd period - Minor Penalty to Jordan Eberle for Roughing.
14:18 of 3rd period - Chris Tierney wins face-off versus Matt Duchene in Canucks zone.
14:50 of 3rd period - Icing by Drake Batherson.
14:51 of 3rd period - Miro Aaltonen wins face-off versus Chris Tierney in Panthers zone.
15:00 of 3rd period - Slapshot by Jordan Szwarz.
15:00 of 3rd period - Stopped by Petr Mrazek without a rebound.
15:01 of 3rd period - Chris Tierney wins face-off versus Matt Duchene in Canucks zone.
15:12 of 3rd period - Slapshot by Drake Batherson.
15:12 of 3rd period - Shot Blocked by Alex Goligoski.
15:14 of 3rd period - Slapshot by Aaron Ekblad.
15:14 of 3rd period - Shot Misses the Net.
15:16 of 3rd period - Wrist shot by Alex Galchenyuk.
15:16 of 3rd period - Stopped by Petr Mrazek with a rebound.
15:18 of 3rd period - Slapshot by Griffin Reinhart.
15:18 of 3rd period - Shot Misses the Net.
15:30 of 3rd period - Snap shot by Jordan Szwarz.
15:30 of 3rd period - Goal by Jordan Szwarz - Panthers : 3 - Canucks : 4.
15:31 of 3rd period - Jordan Eberle wins face-off versus Aleksander Barkov in neutral zone.
15:40 of 3rd period - Off-side.
15:41 of 3rd period - Chris Tierney wins face-off versus Aleksander Barkov in neutral zone.
15:50 of 3rd period - Snap shot by Oliver Ekman-Larsson.
15:50 of 3rd period - Shot Misses the Net.
15:52 of 3rd period - Snap shot by Jordan Eberle.
15:52 of 3rd period - Goal by Jordan Eberle - Panthers : 3 - Canucks : 5.
15:53 of 3rd period - Aleksander Barkov wins face-off versus Chris Tierney in neutral zone.
15:56 of 3rd period - Travis Hamonic is hit by Chris Bourque and loses puck.
16:23 of 3rd period - Denis Gurianov is hit by Miro Aaltonen and loses puck.
16:44 of 3rd period - Wrist shot by Derick Brassard.
16:44 of 3rd period - Shot Blocked by Alex Goligoski.
16:50 of 3rd period - Snap shot by Alex Galchenyuk.
16:50 of 3rd period - Goal by Alex Galchenyuk - Panthers : 4 - Canucks : 5.
16:51 of 3rd period - Aleksander Barkov wins face-off versus Chris Tierney in neutral zone.
16:58 of 3rd period - Slapshot by Aleksander Barkov.
16:58 of 3rd period - Stopped by Petr Mrazek with a rebound.
17:00 of 3rd period - Snap shot by Aleksander Barkov.
17:00 of 3rd period - Shot Blocked by Jordan Eberle.
17:16 of 3rd period - Oliver Ekman-Larsson is hit by Drake Batherson.
17:22 of 3rd period - Snap shot by Denis Gurianov.
17:22 of 3rd period - Deflect By Matt Duchene.
17:22 of 3rd period - Stopped by Ville Husso without a rebound.
17:23 of 3rd period - Chris Tierney wins face-off versus Aleksander Barkov in Panthers zone.
17:53 of 3rd period - Snap shot by Denis Gurianov.
17:53 of 3rd period - Shot Misses the Net.
18:09 of 3rd period - Derick Brassard is hit by Chris Tierney.
18:23 of 3rd period - Danny DeKeiser is hit by Brock Boeser and loses puck.
18:52 of 3rd period - Panthers, Ville Husso is pulled from the net.
18:58 of 3rd period - Snap shot by Alex Galchenyuk.
18:58 of 3rd period - Stopped by Petr Mrazek with a rebound.
19:03 of 3rd period - Minor Penalty to Oliver Ekman-Larsson for Diving.
19:04 of 3rd period - Chris Tierney wins face-off versus Matt Duchene in Canucks zone.
19:12 of 3rd period - Snap shot by Aaron Ekblad.
19:12 of 3rd period - Shot Misses the Net.
19:14 of 3rd period - Wrist shot by Matt Duchene.
19:14 of 3rd period - Stopped by Petr Mrazek without a rebound.
19:15 of 3rd period - Alain Vigneault call a timeout for Panthers.
19:15 of 3rd period - Chris Tierney wins face-off versus Matt Duchene in Canucks zone.
19:28 of 3rd period - Slapshot by Drake Batherson.
19:28 of 3rd period - Stopped by Petr Mrazek without a rebound.
19:29 of 3rd period - Matt Duchene wins face-off versus Chris Tierney in Canucks zone.
19:40 of 3rd period - Wrist shot by Rasmus Ristolainen.
19:40 of 3rd period - Stopped by Petr Mrazek with a rebound.
19:56 of 3rd period - J.T. Miller is hit by Miro Aaltonen and loses puck.
Goals for this period are 4 for Panthers vs 3 for Canucks.
Shots for this period are 16 for Panthers vs 18 for Canucks.